 Dungeon Crawl Stone Soup version 0.32-a0-918-g0f22ef8d61 (console) character file.

Game seed: 4738501785362782245

861 jejorda2 the Poker (level 8, -2/100 HPs)
             Began as a Gnoll Berserker on Apr 11, 2024.
             Was a Priest of Trog.
             Slain by an orc
             ... wielding a +0 mace
              (4 damage)
             ... on level 5 of the Dungeon.
             The game lasted 00:06:27 (3337 turns).

jejorda2 the Poker (Gnoll Berserker)                Turns: 3337, Time: 00:06:27

Health: -2/100     AC: 13    Str: 18    XL:     8   Next: 2%
Magic:  12/12      EV:  6    Int:  7    God:    Trog [***...]
Gold:   151        SH:  0    Dex: 12    Spells: 13/13 levels left

rFire   . . .        b - +0 scythe
rCold   . . .        (shield currently unavailable)
rNeg    . . .        o - +0 plate armour
rPois   .            (no helmet)
rElec   .            q - +0 cloak
rCorr   .            (no gloves)
SInv    .            (no boots)
Will    .....        (no amulet) Stlth
                     (no ring)
HPRegen 0.36/turn    (no ring)
MPRegen 0.13/turn

%: no passive effects
@: berserking, very quick
A: fangs 1, strong nose, distributed training
a: Renounce Religion, Berserk, Trog's Hand


You were on level 5 of the Dungeon.
You worshipped Trog.
Trog was most pleased with you.
You visited 1 branch of the dungeon, and saw 5 of its levels.

You collected 151 gold pieces.

Inventory:

Hand Weapons
 a - a +0 spear
 b - a +0 scythe (weapon)
Missiles
 m - 4 poisoned darts (quivered)
Armour
 o - a +0 plate armour (worn)
 q - a +0 cloak (worn)
Scrolls
 c - 2 scrolls of identify {unknown}
 e - a scroll of acquirement {unknown}
 h - 4 scrolls of teleportation {unknown}
 n - 2 scrolls of brand weapon {unknown}
 r - 2 scrolls of poison {unknown}
 s - a scroll of summoning {unknown}
 t - a scroll of noise {unknown}
 u - a scroll of immolation {unknown}
Potions
 d - 4 potions of lignification {unknown}
 f - 2 potions of heal wounds {unknown}
 g - 2 potions of berserk rage {unknown}
 i - 2 potions of degeneration {unknown}
 j - 3 potions of haste {unknown}
 k - a potion of cancellation {unknown}
 l - 3 potions of curing {unknown}
 p - a potion of brilliance {unknown}


   Skills:
 + Level 7.2 Fighting
 + Level 3.0 Short Blades
 + Level 3.0 Long Blades
 + Level 3.0 Axes
 + Level 3.0 Maces & Flails
 + Level 7.2 Polearms
 + Level 3.0 Staves
 + Level 3.0 Ranged Weapons
 + Level 3.0 Throwing
 + Level 5.5 Armour
 + Level 5.5 Dodging
 + Level 3.0 Stealth
 + Level 3.0 Shields
 + Level 3.0 Unarmed Combat
 + Level 3.0 Spellcasting
 + Level 2.4 Conjurations
 + Level 2.4 Hexes
 + Level 2.4 Summonings
 + Level 2.4 Necromancy
 + Level 2.4 Translocations
 + Level 2.4 Fire Magic
 + Level 2.4 Ice Magic
 + Level 2.4 Air Magic
 + Level 2.4 Earth Magic
 + Level 2.4 Alchemy
 + Level 3.3 Invocations
 + Level 3.0 Evocations
 + Level 2.7 Shapeshifting


You had 13 spell levels left.
You didn't know any spells.
Your spell library was empty.

Dungeon Overview and Level Annotations

Branches:
Dungeon (5/15)
 Temple: D:4-7

Altars:


Innate Abilities, Weirdness & Mutations

You have very sharp teeth.
Your uncanny sense of smell can sniff out nearby items.
Your experience applies equally to all skills.


Message History

You closely miss the orc. The orc hits you but does no damage. x2
You hit the orc priest.
The orc priest is moderately wounded.
Your skin stops crawling.
You feel less strong-willed.
The orc priest invokes the aid of Beogh against you.
Pain shoots through your body! The orc hits you but does no damage. x2
The orc priest mumbles some strange prayers to Beogh against you.
Pain shoots through your body!
A red film seems to cover your vision as you go berserk!
You feel yourself moving faster!
You feel mighty! The orc hits you with a +0 short sword.
* * * LOW HITPOINT WARNING * * *
The orc hits you with a +0 mace.
* * * LOW HITPOINT WARNING * * *
The orc priest hits you but does no damage.
You hit the orc priest but do no damage.
The orc priest is lightly wounded.
The orc hits you but does no damage.
You barely miss the orc priest.
The orc priest is lightly wounded.
The orc barely misses you.
The orc priest invokes the aid of Beogh against you.
Beogh smites you!
* * * LOW HITPOINT WARNING * * *
The orc hits you but does no damage.
You slash the orc priest!
You bite the orc priest, but do no damage.
The orc priest is heavily wounded.
The orc hits you but does no damage.
The orc priest invokes the aid of Beogh against you.
Beogh smites you!
* * * LOW HITPOINT WARNING * * *
The orc hits you but does no damage.
Unknown command.
Unknown command.
You puncture the orc priest!
You kill the orc priest!
Trog accepts your kill. The orc hits you with a +0 mace.
You die...

...# .. ..## ####### .#
..# #.....##..## ..#
#[.......... ###
#....o.oo... >.#
#.....o..... ..#
##...####+## ..#
##'#####^.## ..#
#..)@......# ..#
+..oo......# ..#
#..........# ..####+
##.#..#...##
..##...#######.########
#.........#...#
#........'...#
#........#...#
#..###.###..##


You could see 2 orcs.

Vanquished Creatures
  Sigmund (D:2)
  A water moccasin (D:5)
  2 ogres (D:5)
  A phantom (D:5)
  A scorpion (D:5)
  An orc priest (D:5)
  A hound (D:5)
  A bombardier beetle (D:4)
  Jessica (D:2)
  An orc wizard (D:5)
  4 gnolls (D:2)
  5 adders
  5 dart slugs
  2 ribbon worms (D:2)
  5 orcs
  6 bats
  7 endoplasms
  2 giant cockroaches
  13 goblins
  4 hobgoblins
  8 jackals
  2 quokkas
  13 ball pythons
  6 frilled lizards
  11 kobolds
  8 rats
112 creatures vanquished.

Notes
Turn   | Place    | Note
-------+----------+-------------------------------------------
     0 | D:1      | jejorda2 the Gnoll Berserker began the quest for the Orb.
     0 | D:1      | Reached XP level 1. HP: 23/23 MP: 1/1
    84 | D:1      | Reached XP level 2. HP: 29/29 MP: 2/2
   402 | D:1      | Reached XP level 3. HP: 35/35 MP: 3/3
   441 | D:1      | Reached ** piety under Trog
   725 | D:2      | Reached skill level 1 in Invocations
   731 | D:2      | Reached skill level 1 in Short Blades
   731 | D:2      | Reached skill level 1 in Long Blades
   731 | D:2      | Reached skill level 1 in Axes
   731 | D:2      | Reached skill level 1 in Maces & Flails
   731 | D:2      | Reached skill level 1 in Staves
   731 | D:2      | Reached skill level 1 in Ranged Weapons
   731 | D:2      | Reached skill level 1 in Throwing
   731 | D:2      | Reached skill level 1 in Stealth
   731 | D:2      | Reached skill level 1 in Shields
   731 | D:2      | Reached skill level 1 in Unarmed Combat
   731 | D:2      | Reached skill level 1 in Spellcasting
   731 | D:2      | Reached skill level 1 in Evocations
   736 | D:2      | Reached skill level 1 in Shapeshifting
   736 | D:2      | Reached XP level 4. HP: 22/41 MP: 5/5
   940 | D:2      | Noticed Jessica
   945 | D:2      | Reached skill level 1 in Conjurations
   945 | D:2      | Reached skill level 1 in Hexes
   945 | D:2      | Reached skill level 1 in Summonings
   945 | D:2      | Reached skill level 1 in Necromancy
   945 | D:2      | Reached skill level 1 in Translocations
   945 | D:2      | Reached skill level 1 in Fire Magic
   945 | D:2      | Reached skill level 1 in Ice Magic
   945 | D:2      | Reached skill level 1 in Air Magic
   945 | D:2      | Reached skill level 1 in Earth Magic
   945 | D:2      | Reached skill level 1 in Alchemy
   949 | D:2      | Killed Jessica
  1050 | D:2      | Noticed Sigmund
  1073 | D:2      | Killed Sigmund
  1074 | D:2      | Reached XP level 5. HP: 47/47 MP: 5/7
  1074 | D:2      | Reached XP level 6. HP: 53/53 MP: 5/8
  1119 | D:2      | Reached skill level 5 in Armour
  1119 | D:2      | Reached skill level 5 in Dodging
  1217 | D:2      | Identified the ring of Siokebyng {Will- EV+5 Str+3 Dex+8}
  1837 | D:3      | Reached *** piety under Trog
  2888 | D:5      | Entered Level 5 of the Dungeon
  2892 | D:5      | Reached XP level 7. HP: 60/60 MP: 10/10
  3318 | D:5      | Reached XP level 8. HP: 67/67 MP: 12/12
  3336 | D:5      | HP: 1/100 [orc priest/divine providence (17)]
  3337 | D:5      | Slain by an orc

Illustrated notes

Levels and vault maps discovered:
D:1:      dpeg_arrival_pits, layout_loops_ring
D:2:      kennysheep_big_flooded_room, layout_basic, minmay_3d_cube,
          uniq_jessica, uniq_sigmund
D:3:      layout_loops_ring, palyth_stone_intersect
D:4:      layout_cave_pools, minmay_strange_pillars, kennysheep_big_empty_room,
          small_statue_intersection
D:5:      layout_gridville

Skill      XL: |  1  2  3  4  5  6  7 |
---------------+----------------------+-----
Invocations    | 1 2 3 |  3.3
Short Blades   | 1 2 3 |  3.0
Long Blades    | 1 2 3 |  3.0
Axes           | 1 2 3 |  3.0
Maces & Flails | 1 2 3 |  3.0
Staves         | 1 2 3 |  3.0
Ranged Weapons | 1 2 3 |  3.0
Throwing       | 1 2 3 |  3.0
Stealth        | 1 2 3 |  3.0
Shields        | 1 2 3 |  3.0
Unarmed Combat | 1 2 3 |  3.0
Spellcasting   | 1 2 3 |  3.0
Evocations     | 1 2 3 |  3.0
Shapeshifting  | 1 2 |  2.7
Conjurations   | 1 2 |  2.4
Hexes          | 1 2 |  2.4
Summonings     | 1 2 |  2.4
Necromancy     | 1 2 |  2.4
Translocations | 1 2 |  2.4
Fire Magic     | 1 2 |  2.4
Ice Magic      | 1 2 |  2.4
Air Magic      | 1 2 |  2.4
Earth Magic    | 1 2 |  2.4
Alchemy        | 1 2 |  2.4
Armour         | 5 |  5.5
Dodging        | 5 |  5.5
Fighting       | 7 |  7.2
Polearms       | 7 |  7.2

Action                     |  1- 3 |  4- 6 |  7- 9 || total
---------------------------+-------+-------+-------++-------
  Melee: Spear             |   101 |    46 |       ||   147
         Bite              |     5 |    15 |     5 ||    25
         Halberd           |       |   140 |    53 ||   193
  Throw: Dart              |       |       |     5 ||     5
 Invoke: Berserk           |     1 |       |     3 ||     4
         Trog's Hand       |       |     1 |     1 ||     2
 Armour: Chain mail        |    43 |    55 |       ||    98
         Plate armour      |       |    25 |    55 ||    80
  Dodge: Dodged            |    18 |    52 |    20 ||    90

Table legend: (Time is in decaauts)
 A = Elapsed time spent in this place.
 B = Non-inter-level travel time spent in this place.
 C = Inter-level travel time spent in this place.
 D = Time resting spent in this place.
 E = Time spent auto-exploring this place.
 F = Levels seen in this place.
 G = Mean time per level.
                   A        B        C        D        E       F      G
               +--------+--------+--------+--------+--------+-----+--------+
         Total |   3356 |   3249 |    107 |     50 |   2527 |   5 |  671.2 |
       Dungeon |   3356 |   3249 |    107 |     50 |   2527 |   5 |  671.2 |
               +--------+--------+--------+--------+--------+-----+--------+

Top non-repeatable levels by time:
     D:2: 909 daAuts
     D:1: 787 daAuts
     D:4: 609 daAuts
     D:3: 576 daAuts
     D:5: 474 daAuts
